 Dungeon Crawl Stone Soup version 0.32-a0-329-ge6c31236d6 (webtiles) character file.

Game seed: 9246497053218454726

86 zeratav the Trooper (level 4, -11/33 HPs)
             Began as an Octopode Shapeshifter on Feb 16, 2024.
             Mangled by a mummy (17 damage)
             ... in an ossuary.
             The game lasted 00:02:13 (867 turns).

zeratav the Trooper (Octopode Shapeshifter)          Turns: 867, Time: 00:02:13

Health: -11/33     AC:  1    Str: 21    XL:     4   Next: 50%
Magic:  4/4        EV: 13    Int: 18    God:
Gold:   152        SH:  0    Dex: 11    Spells: 3/3 levels left

rFire   . .          .
                       - Unarmed
rCold   . . .        (no shield)
rNeg    . . .        (helmet currently unavailable)
rPois   .            (no amulet)
rElec   .            e - +6 ring of intelligence
rCorr   .            n - +6 ring of strength
SInv    .            (no ring)
Will    .....        (no ring)
Stlth   ++           (no ring)
HPRegen 0.25/turn    (no ring)
MPRegen 0.09/turn    (no ring)
                     (no ring)

%: no passive effects
@: beast-form
A: beast (slay +1), almost no armour, amphibious, 8 rings, camouflage 1,
gelatinous body 1, (nimble swimmer 1), tentacles
a: Begin Untransformation


You were in an ossuary.
You were a hulking beast.
You visited 1 branch of the dungeon, and saw 3 of its levels.
You also visited: Ossuary.

You collected 152 gold pieces.


Innate Abilities, Weirdness & Mutations

You are a hulking beast.
Your limbs bulge with bestial killing power. (Slay +1)
You cannot wear most types of armour.
You are amphibious.
You can wear up to eight rings at the same time.
Your skin changes colour to match your surroundings (Stealth+).
Your rubbery body absorbs attacks. (AC +1, EV +1)
((You are camouflaged when in or above water. (Stealth+)))
You have tentacles for arms and can constrict up to eight enemies at once.


   Skills:
 + Level 4.2 Fighting
 - Level 2.0 Dodging
 - Level 3.0 Unarmed Combat
 - Level 3.0 Shapeshifting


You had 3 spell levels left.
You didn't know any spells.
Your spell library contained the following spells:

 Spells                   Type           Power      Damage    Failure   Level
 Fugue of the Fallen      Necr           0%         N/A       54%         3
 Ozocubu's Armour         Ice            0%         N/A       54%         3
 Manifold Assault         Tloc           0%         N/A       91%         4

Inventory:

Jewellery
 e - a +6 ring of intelligence (left tentacle)
   (You found it on level 1 of the Dungeon)
 j - an amulet of the acrobat
   (You found it on level 1 of the Dungeon)
 n - a +6 ring of strength (right tentacle)
   (You found it on level 2 of the Dungeon)
Talismans
 b - a beast talisman (active)
 c - a flux talisman
Scrolls
 d - 2 scrolls of teleportation {unknown}
 f - 3 scrolls of immolation {!r!r}
 g - a scroll of poison {unknown}
 h - a scroll of revelation {unknown}
 i - a scroll of summoning {unknown}
 m - a scroll of fog {unknown}
Potions
 a - a potion of lignification {!q}
 k - a potion of berserk rage {unknown}
 l - 2 potions of degeneration {unknown}

Dungeon Overview and Level Annotations

Branches:
Dungeon (4/15) Zot: 17242 Ossuary (1/1) Zot: 5895
 Temple: D:4-7

Altars:

#....#
#....#
#....#
#....#
#....#
#....#
#....#
#ZZM.#
#.h∩.#
######


You could see a mummy and 2 hobgoblin zombies.


Message History

The world spins around you as you enter the gateway.
You enter an ossuary!
Found a gate leading back out of this place.
There is an empty arch of ancient stone here.
A gnoll zombie, an orc zombie, a kobold zombie and 3 hobgoblin zombies come into view.
The hobgoblin zombie moves out of view. x2
The kobold zombie moves out of view.
The hobgoblin zombie moves out of view.
There is an empty arch of ancient stone here.
You barely miss the orc zombie. You grab the orc zombie.
You constrict the orc zombie. The orc zombie closely misses you.
You tentacle-slap the orc zombie. You constrict the orc zombie.
The orc zombie hits you but does no damage.
You tentacle-slap the orc zombie.
You destroy the orc zombie!
There is an empty arch of ancient stone here.
You start waiting.
A kobold zombie is nearby!
There is an empty arch of ancient stone here.
There is a gate leading back out of this place here.
You tentacle-slap the kobold zombie. You grab the kobold zombie.
You constrict the kobold zombie.
You destroy the kobold zombie!
There is an empty arch of ancient stone here.
There is an empty arch of ancient stone here.
The hobgoblin zombie hits you.
HP[-2]
You take 2 damage, and now have 24/26 hp.
You tentacle-slap the hobgoblin zombie. You grab the hobgoblin zombie.
You squeeze the hobgoblin zombie.
You destroy the hobgoblin zombie!
HP[+1]
You now have 27 max hp (+1).
There is an empty arch of ancient stone here.
HP[+1]
You start resting.
HP[+1]
Your hp is fully restored (27).
There is a gate leading back out of this place here.
You tentacle-slap the gnoll zombie but do no damage.
You grab the gnoll zombie. You squeeze the gnoll zombie.
You constrict the gnoll zombie. The gnoll zombie hits you.
HP[-3]
You take 3 damage, and now have 24/27 hp.
You bludgeon the gnoll zombie! You constrict the gnoll zombie.
You destroy the gnoll zombie!
You have reached level 4!
HP[+5] MP[+1]
You now have 33 max hp (+6).
You regained 5 hp, and now have 29/33 hp.
Your mp is fully restored (4).
HP[+1]
You start resting.
HP[+3]
Your hp is fully restored (33). 2 mummies and a kobold zombie come into view. 2 mummies and an orc zombie come into view.
There is an empty arch of ancient stone here.
The kobold zombie misses you.
You tentacle-slap the kobold zombie but do no damage.
You grab the kobold zombie. You squeeze the kobold zombie.
You constrict the kobold zombie. The kobold zombie barely misses you.
You bludgeon the kobold zombie!
You destroy the kobold zombie!
The orc zombie hits you but does no damage.
You tentacle-slap the orc zombie. You grab the orc zombie.
You constrict the orc zombie. The orc zombie misses you.
You tentacle-slap the orc zombie. You constrict the orc zombie.
You destroy the orc zombie!
There is a gate leading back out of this place here.
You tentacle-slap the mummy but do no damage.
Your grab misses the mummy. You squeeze the mummy! You barely miss the mummy.
You grab the mummy. You squeeze the mummy! You constrict the mummy.
You destroy the mummy!
The mummy barely misses you.
Your Fighting skill increases to level 4!
You tentacle-slap the mummy. You grab the mummy. You tentacle-slap the mummy.
You constrict the mummy, but do no damage.
The mummy hits you!
HP[-10]
You take 10 damage, and now have 23/33 hp.
MASSIVE DAMAGE!! (PAUSE)
You tentacle-slap the mummy. You constrict the mummy.
The hobgoblin zombie closely misses you.
The mummy hits you.
HP[-6]
You take 6 damage, and now have 17/33 hp.
You tentacle-slap the mummy.
You destroy the mummy!
The mummy hits you!
* * * LOW HITPOINT WARNING * * *
The hobgoblin zombie hits you but does no damage.
HP[-11]
You take 11 damage, and now have 6/33 hp.
MASSIVE DAMAGE!! (PAUSE)
You tentacle-slap the mummy but do no damage.
You grab the mummy. You constrict the mummy. The hobgoblin zombie misses you.
The mummy hits you!
Ouch! That really hurt!
You die...

Skill      XL: |  1  2  3  4 |
---------------+-------------+-----
Fighting       | 2 3 4 |  4.2
Dodging        | |  2.0
Unarmed Combat | |  3.0
Shapeshifting  | |  3.0

Action                     |  1- 3 |  4- 6 || total
---------------------------+-------+-------++-------
  Melee: Unarmed           |    52 |    10 ||    62
         Constrict         |    14 |     5 ||    19
         Tentacles         |    11 |     3 ||    14
         Punch             |     1 |     1 ||     2
   Stab: Sleeping          |    11 |       ||    11
 Armour: Skin              |    14 |     6 ||    20
  Dodge: Dodged            |    24 |     6 ||    30

Levels and vault maps discovered:
D:1:      grunt_arrival_lava_bath, layout_rooms,
          hellmonk_ecumenical_altar_blasted
D:2:      layout_rooms, chequers_serial_rivers_micro_b, interstate_on_off,
          minmay_rat_gold_closets
D:4:      layout_loops_ring, nicolae_overflows_in_rows,
          chequers_ossuary_entry_cave
Ossuary:  ossuary_tomb_3

Notes
Turn   | Place    | Note
-------+----------+-------------------------------------------
     0 | D:1      | zeratav the Octopode Shapeshifter began the quest for the
                  | Orb.
     0 | D:1      | Reached XP level 1. HP: 13/13 MP: 1/1
     0 | D:1      | magus.rc [v1.9.6]
    18 | D:1      | Reached skill level 2 in Fighting
    18 | D:1      | Reached XP level 2. HP: 15/19 MP: 2/2
    51 | D:1      | Found a faded altar of an unknown god.
    96 | D:1      | You pick up a book of Battle and begin reading...
    96 | D:1      | You add the spells Fugue of the Fallen, Ozocubu's Armour
                  | and Manifold Assault to your library.
   237 | D:1      | Reached XP level 3. HP: 25/25 MP: 3/3
   250 | D:1      | Reached skill level 3 in Fighting
   727 | D:2      | You fall into a shaft and drop 2 floors!
   755 | D:4      | Found a sand-covered staircase.
   762 | Ossuary  | Entered an ossuary
   826 | Ossuary  | Reached XP level 4. HP: 29/33 MP: 4/4
   864 | Ossuary  | Reached skill level 4 in Fighting
   866 | Ossuary  | HP: 6/33 [mummy (12)]
   867 | Ossuary  | Mangled by a mummy

Vanquished Creatures
  2 mummies (Ossuary)
  A dart slug (D:1)
  A ribbon worm (D:2)
  4 bats
  4 giant cockroaches
  6 goblins (D:1)
  A hobgoblin (D:1)
  A ball python (D:1)
  A gnoll zombie (Ossuary)
  A hobgoblin zombie (Ossuary)
  2 kobolds (D:2)
  2 kobold zombies (Ossuary)
  2 orc zombies (Ossuary)
  8 rats (D:2)
36 creatures vanquished.

Table legend:
 A = Non-vault XP
 B = Vault XP
 C = Vault XP percentage of total XP
 D = Non-vault monster count
 E = Vault monster count
 F = Vault count percentage of total count
                 A         B        C        D         E       F
            +---------+---------+-------+---------+---------+-------
      Total |      58 |      66 |  53.2 |      20 |      16 |  44.4
            +---------+---------+-------+---------+---------+-------
        D:1 |      39 |       0 |   0.0 |      13 |       0 |   0.0
        D:2 |      16 |      16 |  50.0 |       6 |       8 |  57.1
        D:4 |       3 |       0 |   0.0 |       1 |       0 |   0.0
    Ossuary |       0 |      50 | 100.0 |       0 |       8 | 100.0
            +---------+---------+-------+---------+---------+-------

Skill      XL: |  1  2  3  4 |
---------------+-------------+-----
Fighting       | 2 3 4 |  4.2
Dodging        | |  2.0
Unarmed Combat | |  3.0
Shapeshifting  | |  3.0

Action                     |  1- 3 |  4- 6 || total
---------------------------+-------+-------++-------
  Melee: Unarmed           |    52 |    10 ||    62
         Constrict         |    14 |     5 ||    19
         Tentacles         |    11 |     3 ||    14
         Punch             |     1 |     1 ||     2
   Stab: Sleeping          |    11 |       ||    11
 Armour: Skin              |    14 |     6 ||    20
  Dodge: Dodged            |    24 |     6 ||    30

Illustrated notes

Table legend:
 A = Kills in this place as a percentage of kills in the entire game.
 B = Kills by you in this place as a percentage of kills by you in the entire game.
 C = Kills by friends in this place as a percentage of kills by friends in the entire game.
 D = Other kills in this place as a percentage of other kills in the entire game.
 E = Experience gained in this place as a percentage of experience gained in the entire game.
 F = Experience gained in this place divided by the number of levels of this place that you have seen.
                   A       B       C       D       E      F
               +-------+-------+-------+-------+-------+----------------------
         Total | 100.0 | 100.0 |   N/A |   N/A | 100.0 |  31.0
       Dungeon |  77.8 |  77.8 |   N/A |   N/A |  59.7 |  24.7
       Ossuary |  22.2 |  22.2 |   N/A |   N/A |  40.3 |  50.0
               +-------+-------+-------+-------+-------+----------------------

Table legend: (Time is in decaauts)
 A = Elapsed time spent in this place.
 B = Non-inter-level travel time spent in this place.
 C = Inter-level travel time spent in this place.
 D = Time resting spent in this place.
 E = Time spent auto-exploring this place.
 F = Levels seen in this place.
 G = Mean time per level.
                   A        B        C        D        E       F      G
               +--------+--------+--------+--------+--------+-----+--------+
         Total |    861 |    851 |     10 |     23 |    588 |   4 |  215.2 |
       Dungeon |    757 |    747 |     10 |      0 |    588 |   3 |  252.3 |
       Ossuary |    103 |    103 |      0 |     23 |      0 |   1 |  103.0 |
               +--------+--------+--------+--------+--------+-----+--------+

Top non-repeatable levels by time:
     D:1: 410 daAuts
     D:2: 312 daAuts
 Ossuary: 103 daAuts
     D:4: 34 daAuts
